 Dungeon Crawl Stone Soup version 0.30-a0-728-gc68057be0a (webtiles) character file.

Game seed: 9396172039864135171

1430 kae the Geomancer (level 8, 0/48 HPs)
             Began as a Gargoyle Earth Elementalist on Jan 30, 2023.
             Slain by Maggie
             ... wielding a +2 scimitar of flaming
              (10 damage)
             ... on level 6 of the Dungeon.
             The game lasted 00:06:31 (4879 turns).

kae the Geomancer (Gargoyle Earth Elementalist)     Turns: 4879, Time: 00:06:32

Health: 0/48       AC:  8    Str: 12    XL:     8   Next: 73%
Magic:  14/25      EV: 11    Int: 20    God:
Gold:   246        SH:  0    Dex: 10    Spells: 8/18 levels left

rFire   . . .      SeeInvis .    f - +1 dagger (venom)
rCold   + . .      Faith    .    (no shield)
rNeg    + + .      Spirit   .    r - +1 robe of the Accordion {rN+ Int+2}
rPois   ∞          Reflect  .    (no helmet)
rElec   +          Harm     .    (no cloak)
rCorr   .          Rampage  .    (no gloves)
Will    .....                    (no boots)
Stlth   ++                       (no amulet)
HPRegen 0.28/turn                W - ring of magical power
MPRegen 0.19/turn                C - ring of protection from cold

@: no status effects
A: sickness immunity, AC +5, negative energy resistance 1, electricity
resistance, torment resistance 1, petrification resistance
a: no special abilities


You were on level 6 of the Dungeon.
You visited 1 branch of the dungeon, and saw 6 of its levels.

You collected 316 gold pieces.
You spent 70 gold pieces at shops.


Innate Abilities, Weirdness & Mutations

You are immune to sickness and miasma.
Your stone body is resilient. (AC +5)
You are immune to poison.
You resist negative energy. (rN+)
You are resistant to electric shocks. (rElec)
You are resistant to unholy torment.
You are immune to petrification.


   Skills:
 + Level 3.9 Fighting
 - Level 1.5 Dodging
 - Level 2.1 Stealth
 * Level 5.5 Spellcasting
 * Level 5.5 Conjurations
 - Level 0.7 Transmutations
 * Level 8.0 Earth Magic


You had 8 spell levels left.
You knew the following spells:

 Your Spells              Type           Power      Damage    Failure   Level
a - Sandblast             Erth           74%        2d16      1%          1
b - Stone Arrow           Conj/Erth      64%        3d11      1%          3
c - Passwall              Tmut/Erth      19%        N/A       2%          2
d - Petrify               Tmut/Erth      23%        N/A       19%         4

Your spell library contained the following spells:

 Spells                   Type           Power      Damage    Failure   Level
 Momentum Strike          Conj/Tloc      32%        3d8       5%          2
 Blink                    Tloc           10%        N/A       17%         2
 Lesser Beckoning         Tloc           10%        N/A       17%         2
 Ozocubu's Armour         Ice            5%         N/A       32%         3
 Ozocubu's Refrigeration  Ice            2%         4d8       100%        7

Inventory:

Hand Weapons
 c - a +0 heavy dagger
   (You took it off a kobold on level 1 of the Dungeon)
 f - a +1 dagger of venom (weapon)
   (You took it off a kobold on level 1 of the Dungeon)
Missiles
 a - 2 boomerangs
 g - 46 stones
Armour
 h - the +1 chain mail of Circular Logic {rElec Will+ Str+3 Dex-2}
   (You found it on level 2 of the Dungeon)

   Str:       It affects your strength (+3).
   Dex:       It affects your dexterity (-2).
   rElec:     It insulates you from electricity.
   Will:      It increases your willpower.
 r - the +1 robe of the Accordion (worn) {rN+ Int+2}
   (You found it on level 4 of the Dungeon)

   Int:       It affects your intelligence (+2).
   rN:        It protects you from negative energy.
Jewellery
 C - a ring of protection from cold (right hand)
   (You found it on level 3 of the Dungeon)
 W - a ring of magical power (left hand)
   (You found it on level 3 of the Dungeon)
 Y - a +4 ring of slaying
   (You found it on level 3 of the Dungeon)
Wands
 i - a wand of roots (9)
   (You found it on level 3 of the Dungeon)
 j - a wand of acid (6)
   (You found it on level 4 of the Dungeon)
 u - a wand of paralysis (12)
   (You found it on level 5 of the Dungeon)
Scrolls
 q - 2 scrolls of magic mapping {!r}
 t - 2 scrolls of fog
 w - a scroll of butterflies
Potions
 b - 2 potions of magic
 d - a potion of mutation {!q}
 e - 2 potions of brilliance
 m - 2 potions of degeneration {!q}
 n - a potion of curing {@q1}
 p - a potion of haste {@q3}
 s - a potion of flight
 v - a potion of lignification {!q}

Dungeon Overview and Level Annotations

Branches:
Dungeon (6/15) Zot: 26220
 Temple: D:4-7

Altars:

Shops:
D:4 *   D:5 :*

Annotations:
D:3 1 runed translucent door, Crazy Yiuf
D:4 Dowan, Duvessa
D:6 Maggie

............###....#
....##.............#
....##.............##
....##..............####
....##..................
######..............###.
....[..))...........#
#####.............###
#####...........@##
....#.#########..@..#
###.#.# #.###.# # #.#.#
#.# # # #.#.. .. # #.###
##. # #.# #. # #.# ## #
#.#


You could see Maggie.


Message History

Aiming: Sandblast (safe; 1% risk of failure)
Press: ? - help, Shift-Dir - straight line, f - ufetubus
Aim: an ufetubus (73% to hit)
The blast of sand hits the ufetubus!!
You kill the ufetubus!
m - 2 potions of degeneration {!q} (gained 1) Key pressed, stopping explore.
Casting: Sandblast (safe; 1% risk of failure)
Confirm with . or Enter, or press ? or * to list all spells.
You can't see any susceptible monsters within range! (Use Z to cast anyway.) 😎 MP[+3]
You regained 3 mp, and now have 24/25 mp.
Maggie the Vainglorious comes into view.
She is wielding a +2 scimitar of flaming. 😎 MP[+1]
Your mp is fully restored (25).
Casting: Sandblast (safe; 1% risk of failure)
Confirm with . or Enter, or press ? or * to list all spells.
Aiming: Stone Arrow (safe; 1% risk of failure)
Press: ? - help, Shift-Dir - straight line, f - Maggie
Aim: Maggie, wielding a +2 scimitar of flaming and wearing +0 swamp dragon scales (asleep, 100% to hit)
The stone arrow hits Maggie!
Maggie shouts! 😎 MP[-3]
You lost 3 mp, and now have 22/25 mp.
Casting: Stone Arrow (safe; 1% risk of failure)
Confirm with . or Enter, or press ? or * to list all spells.
Aiming: Sandblast (safe; 1% risk of failure)
Press: ? - help, Shift-Dir - straight line, f/p - Maggie
Aim: Maggie, wielding a +2 scimitar of flaming and wearing +0 swamp dragon scales (lightly wounded, 86% to hit)
The blast of sand hits Maggie!
Maggie casts a spell at you.
The bolt of fire hits you!! 😮 HP[-18] MP[-1]
You take 18 damage, and now have 30/48 hp.
MASSIVE DAMAGE!! (PAUSE)
You lost 1 mp, and now have 21/25 mp.
Casting: Sandblast (safe; 1% risk of failure)
Confirm with . or Enter, or press ? or * to list all spells.
Aiming: Sandblast (safe; 1% risk of failure)
Press: ? - help, Shift-Dir - straight line, f/p - Maggie
Aim: Maggie, wielding a +2 scimitar of flaming and wearing +0 swamp dragon scales (moderately wounded, 86% to hit)
The blast of sand hits Maggie but does no damage.
Maggie hits you with a +2 scimitar of flaming.
Maggie burns you.
* * * LOW HITPOINT WARNING * * *
😨 HP[-6] MP[-1]
You take 6 damage, and now have 24/48 hp.
You lost 1 mp, and now have 20/25 mp.
Casting: Sandblast (safe; 1% risk of failure)
Confirm with . or Enter, or press ? or * to list all spells.
Aiming: Sandblast (safe; 1% risk of failure)
Press: ? - help, Shift-Dir - straight line, f/p - Maggie
Aim: Maggie, wielding a +2 scimitar of flaming and wearing +0 swamp dragon scales (moderately wounded, 86% to hit)
The blast of sand hits Maggie but does no damage.
Maggie mumbles some strange words.
Maggie attempts to bespell you!
You are mesmerised by Maggie!
Maggie hits you with a +2 scimitar of flaming!
* * * LOW HITPOINT WARNING * * *
Maggie burns you.
* * * LOW HITPOINT WARNING * * *
😱 HP[-15]
You take 15 damage, and now have 9/48 hp.
MASSIVE DAMAGE!! (PAUSE)
Okay, then.
You feel yourself speed up. Maggie hits you but does no damage.
Unknown command.
You cannot move away from Maggie!
Unknown command.
It was a potion of brilliance.
You feel clever all of a sudden. 😱 HP[+1] It was a potion of cancellation.
Your magical effects are unravelling.
You feel magically purged.
You feel yourself slow down.
You break out of your daze.
You feel a little less clever now. Maggie barely misses you.
Unknown command.
Okay, then.
Unknown command.
Casting: Sandblast (safe; 1% risk of failure)
Confirm with . or Enter, or press ? or * to list all spells.
Aiming: Stone Arrow (safe; 1% risk of failure)
Press: ? - help, Shift-Dir - straight line, f/p - Maggie
Aim: Maggie, wielding a +2 scimitar of flaming and wearing +0 swamp dragon scales (moderately wounded, 77% to hit)
The stone arrow hits Maggie!!
Maggie barely misses you. 😱 MP[-3]
You lost 3 mp, and now have 17/25 mp.
Unknown command.
Casting: Stone Arrow (safe; 1% risk of failure)
Confirm with . or Enter, or press ? or * to list all spells.
Aiming: Stone Arrow (safe; 1% risk of failure)
Press: ? - help, Shift-Dir - straight line, f/p - Maggie
Aim: Maggie, wielding a +2 scimitar of flaming and wearing +0 swamp dragon scales (severely wounded, 77% to hit)
The stone arrow hits Maggie!!
Maggie says, "Leave now, and tell all of Margery's mercy!"
Maggie hits you with a +2 scimitar of flaming!
You die...

Skill      XL: |  1  2  3  4  5  6  7  8 |
---------------+-------------------------+-----
Earth Magic    | 4 5 6 7 8 |  8.0
Conjurations   | 1 2 3 4 5 |  5.5
Fighting       | 1 2 3 |  3.9
Spellcasting   | 3 4 5 |  5.5
Dodging        | |  1.5
Stealth        | |  2.1
Transmutations | |  0.7

Action                     |  1- 3 |  4- 6 |  7- 9 || total
---------------------------+-------+-------+-------++-------
  Melee: Unarmed           |    18 |       |       ||    18
         Dagger            |    22 |       |     1 ||    23
         Punch             |     1 |       |       ||     1
   Cast: Sandblast         |    43 |    75 |    39 ||   157
         Stone Arrow       |       |     7 |    35 ||    42
    Use: Scroll            |     2 |    10 |     1 ||    13
         Potion            |       |     1 |     5 ||     6
 Armour: Robe              |    26 |    20 |     7 ||    53
  Dodge: Dodged            |    42 |    26 |    29 ||    97

Levels and vault maps discovered:
D:1:      minmay_arrival_stone_box, layout_loops_ring
D:2:      layout_basic
D:3:      layout_basic, minmay_diced_spiral, uniq_jessica,
          uniq_crazy_yiuf_cottage, uniq_ijyb
D:4:      layout_basic, serial_shops, nicolae_shop_crystal, uniq_eustachio,
          uniq_duvessa
D:5:      layout_cave_pools, nicolae_stop_n_shop_1, guppyfry_shop_venom
D:6:      layout_basic, uniq_blork_the_orc, uniq_maggie, uniq_edmund

Notes
Turn   | Place    | Note
-------+----------+-------------------------------------------
     0 | D:1      | kae the Gargoyle Earth Elementalist began the quest for the
                  | Orb.
     0 | D:1      | Reached XP level 1. HP: 10/10 MP: 3/3
     0 | D:1      | magus.rc [v1.11.3]
     4 | D:1      | You add the spells Ozocubu's Armour and Ozocubu's
                  | Refrigeration to your library.
    47 | D:1      | Reached skill level 4 in Earth Magic
    70 | D:1      | Reached XP level 2. HP: 11/15 MP: 0/5
   367 | D:1      | Reached XP level 3. HP: 19/19 MP: 2/6
   370 | D:1      | Learned a level 2 spell: Passwall
   374 | D:1      | Learned a level 3 spell: Stone Arrow
   877 | D:2      | Identified the +1 chain mail of Circular Logic {rElec Will+
                  | Str+3 Dex-2}
  1075 | D:2      | Reached skill level 5 in Earth Magic
  1075 | D:2      | Reached XP level 4. HP: 21/24 MP: 4/8
  1230 | D:2      | Reached skill level 1 in Conjurations
  1623 | D:3      | You pick up a book of Spatial Translocations and begin
                  | reading...
  1623 | D:3      | You add the spells Blink, Momentum Strike and Lesser
                  | Beckoning to your library.
  1691 | D:3      | Noticed Jessica
  1711 | D:3      | Killed Jessica
  1712 | D:3      | Reached skill level 1 in Fighting
  1712 | D:3      | Reached skill level 3 in Spellcasting
  1712 | D:3      | Reached XP level 5. HP: 29/29 MP: 0/9
  1884 | D:3      | Noticed Ijyb
  1894 | D:3      | Killed Ijyb
  1910 | D:3      | Reached skill level 2 in Conjurations
  2019 | D:3      | Found a runed translucent door.
  2020 | D:3      | Noticed Crazy Yiuf
  2288 | D:3      | Learned a level 4 spell: Petrify
  2582 | D:4      | Noticed Duvessa
  2582 | D:4      | Noticed Dowan
  2622 | D:4      | Noticed Eustachio
  2646 | D:4      | Reached XP level 6. HP: 26/35 MP: 3/11
  2651 | D:4      | Identified the +1 robe of the Accordion {rN+ Int+2}
  2862 | D:4      | Found Jaclergh's General Store.
  2869 | D:4      | Bought a potion of heal wounds for 70 gold pieces
  3261 | D:4      | Killed Eustachio
  3262 | D:4      | Reached skill level 2 in Fighting
  3262 | D:4      | Reached skill level 3 in Conjurations
  3262 | D:4      | Reached skill level 6 in Earth Magic
  3365 | D:5      | Entered Level 5 of the Dungeon
  3483 | D:5      | Reached skill level 4 in Spellcasting
  3483 | D:5      | Reached XP level 7. HP: 40/40 MP: 12/13
  3760 | D:5      | Found Uget's Book Boutique.
  3778 | D:5      | Reached skill level 4 in Conjurations
  3841 | D:5      | Reached skill level 3 in Fighting
  3936 | D:5      | Found Oxooss's Serpentskin Sales.
  3938 | D:5      | Reached skill level 7 in Earth Magic
  4137 | D:6      | Reached XP level 8. HP: 46/46 MP: 15/15
  4389 | D:6      | Reached skill level 5 in Spellcasting
  4403 | D:6      | Reached skill level 5 in Conjurations
  4407 | D:6      | HP: 11/46 [gnoll/+0 whip[a gnoll sergeant] (1)]
  4408 | D:6      | HP: 5/46 [gnoll/+0 whip[a gnoll sergeant] (6)]
  4418 | D:6      | HP: 9/46 [gnoll/+0 halberd[a gnoll sergeant] (8)]
  4418 | D:6      | HP: 4/46 [gnoll/+0 whip[a gnoll sergeant] (5)]
  4426 | D:5      | HP: 1/46 [orc/+0 war axe (5)]
  4784 | D:6      | Reached skill level 8 in Earth Magic
  4870 | D:6      | Noticed Maggie
  4874 | D:6      | HP: 12/48 [Maggie/+2 scimitar of flaming (12)]
  4879 | D:6      | Slain by Maggie

Vanquished Creatures
  Eustachio (D:4)
  A steam dragon (D:6)
  A water moccasin (D:6)
  An ice beast (D:5)
  2 ogres (D:6)
  A phantom (D:5)
  A bullfrog (D:6)
  A necrophage (D:5)
  A gnoll sergeant (D:6)
  2 scorpions
  A howler monkey (D:5)
  3 hounds
  Jessica (D:3)
  Ijyb (D:3)
  5 gnolls (D:6)
  8 adders
  A shadow imp (D:5)
  An ufetubus (D:6)
  5 dart slugs
  9 orcs
  9 ball pythons
  14 bats
  3 endoplasms
  5 giant cockroaches
  5 goblins
  6 hobgoblins
  7 kobolds
  2 quokkas
  6 frilled lizards
  6 rats
110 creatures vanquished.

Table legend:
 A = Non-vault XP
 B = Vault XP
 C = Vault XP percentage of total XP
 D = Non-vault monster count
 E = Vault monster count
 F = Vault count percentage of total count
                 A         B        C        D         E       F
            +---------+---------+-------+---------+---------+-------
      Total |    1762 |     281 |  13.8 |     100 |      10 |   9.1
            +---------+---------+-------+---------+---------+-------
        D:1 |      59 |       0 |   0.0 |      33 |       0 |   0.0
        D:2 |      36 |       0 |   0.0 |      13 |       0 |   0.0
        D:3 |      62 |      75 |  54.7 |      17 |       7 |  29.2
        D:4 |     143 |     191 |  57.2 |       9 |       1 |  10.0
        D:5 |     569 |      15 |   2.6 |      13 |       2 |  13.3
        D:6 |     893 |       0 |   0.0 |      15 |       0 |   0.0
            +---------+---------+-------+---------+---------+-------

Illustrated notes

Table legend:
 A = Kills in this place as a percentage of kills in entire the game.
 B = Kills by you in this place as a percentage of kills by you in the entire game.
 C = Kills by friends in this place as a percentage of kills by friends in the entire game.
 D = Other kills in this place as a percentage of other kills in the entire game.
 E = Experience gained in this place as a percentage of experience gained in the entire game.
 F = Experience gained in this place divided by the number of levels of this place that you have seen.
                   A       B       C       D       E      F
               +-------+-------+-------+-------+-------+----------------------
         Total | 100.0 | 100.0 |   N/A |   N/A | 100.0 | 340.5
       Dungeon | 100.0 | 100.0 |   N/A |   N/A | 100.0 | 340.5
               +-------+-------+-------+-------+-------+----------------------

Table legend: (Time is in decaauts)
 A = Elapsed time spent in this place.
 B = Non-inter-level travel time spent in this place.
 C = Inter-level travel time spent in this place.
 D = Time resting spent in this place.
 E = Time spent auto-exploring this place.
 F = Levels seen in this place.
 G = Mean time per level.
                   A        B        C        D        E       F      G
               +--------+--------+--------+--------+--------+-----+--------+
         Total |   4935 |   4854 |     81 |    255 |   3867 |   6 |  822.5 |
       Dungeon |   4935 |   4854 |     81 |    255 |   3867 |   6 |  822.5 |
               +--------+--------+--------+--------+--------+-----+--------+

Top non-repeatable levels by time:
     D:4: 1003 daAuts
     D:1: 881 daAuts
     D:5: 878 daAuts
     D:3: 878 daAuts
     D:6: 656 daAuts
     D:2: 637 daAuts
